Vancouver Canucks vs Washington Capitals
Created - Sunday, November 2, 2025 at 08:39
Goals
|
| Vancouver Canucks |
2 |
0 |
2 |
4 |
| Washington Capitals |
1 |
0 |
2 |
3 |
|
Shots
|
| Vancouver Canucks |
19 |
8 |
10 |
37 |
| Washington Capitals |
10 |
7 |
15 |
32 |
|
1st period
1. Washington Capitals , Alex Ovechkin 30 (Nico Hischier 48) at 4:49
2. Vancouver Canucks , Clayton Keller 33 (Mikko Rantanen 45, Aleksander Barkov 43) at 12:09
3. Vancouver Canucks , Aleksander Barkov 29 (Mikko Rantanen 46, Clayton Keller 45) at 13:41
Penalties :
Nikita Zadorov (WSH) for Slashing (Minor) at 19:17
2nd period
No Goal
Penalties :
No Penalty
3rd period
4. Vancouver Canucks , Aleksander Barkov 30 (Clayton Keller 46, Mikko Rantanen 47) at 3:23
5. Washington Capitals , Tom Wilson 32 (Alex Ovechkin 34, Nico Hischier 49) at 3:29
6. Vancouver Canucks , Noah Hanifin 6 (Casey Mittelstadt 27, Justus Annunen) at 18:53 (Empty Net)
7. Washington Capitals , Marcus Johansson 22 (Owen Tippett 25, Nick Foligno 13) at 19:34
Penalties :
Artturi Lehkonen (VAN) for Boarding (Minor) at 4:15, Lars Eller (WSH) for Holding (Minor) at 6:38, Aleksander Barkov (VAN) for Slashing (Minor) at 12:34, Anton Lundell (VAN) for Cross-checking (Minor) at 19:57
Goalie Stats
Justus Annunen (VAN), 29 saves from 32 shots - (0.906), W, 18-13-3, 60:00 minutes
Jake Oettinger (WSH), 33 saves from 36 shots - (0.917), L, 24-25-4, 59:26 minutes
Players Stats for Vancouver Canucks
Player Name G A P +/- PIM S H SB GA TA FO MP PP MP PK MP
------------------------------------------------------------------------------------
Aleksander Barkov 2 1 3 2 2 7 3 1 0 0 14/27 20:34 1:58 1:22
Anton Lundell 0 0 0 1 2 1 4 0 0 1 3/9 11:37 0:00 2:24
Artturi Lehkonen 0 0 0 0 2 3 1 0 1 0 0/0 17:35 2:00 1:15
Bobby McMann 0 0 0 -1 0 1 0 0 0 0 0/1 11:28 0:00 0:00
Brett Leason 0 0 0 1 0 2 2 0 0 0 0/0 10:37 0:00 1:23
Casey Mittelstadt 0 1 1 -1 0 2 1 0 0 0 5/11 14:21 2:00 0:58
Clayton Keller 1 2 3 2 0 3 0 0 1 0 0/0 19:16 1:58 0:00
Connor Zary 0 0 0 -1 0 0 0 1 1 1 0/2 16:07 2:00 0:00
Emil Martinsen Lilleberg 0 0 0 -2 0 0 3 1 0 0 0/0 14:08 0:00 0:00
Jake Bean 0 0 0 -2 0 1 1 0 0 2 0/0 14:08 0:00 0:00
Jesperi Kotkaniemi 0 0 0 0 0 2 1 0 0 0 0/0 9:35 0:00 0:38
Joel Hanley 0 0 0 1 0 0 2 2 0 0 0/0 20:48 2:05 1:58
Mikko Rantanen 0 3 3 2 0 5 3 0 0 0 2/2 19:20 1:58 0:00
Miro Heiskanen 0 0 0 2 0 0 3 2 1 2 0/0 25:04 1:53 2:02
Noah Hanifin 1 0 1 2 0 2 3 4 0 0 0/0 25:04 1:53 2:02
Ryan McDonagh 0 0 0 1 0 0 0 2 0 1 0/0 20:48 2:05 1:58
Sean Couturier 0 0 0 -1 0 6 1 1 0 1 4/9 13:59 0:00 0:00
Ty Dellandrea 0 0 0 -1 0 2 0 0 0 0 0/0 11:28 0:00 0:00
Players Stats for Washington Capitals
Player Name G A P +/- PIM S H SB GA TA FO MP PP MP PK MP
------------------------------------------------------------------------------------
Alex Ovechkin 1 1 2 -1 0 3 1 0 1 0 0/0 16:54 2:13 0:00
Drake Batherson 0 0 0 -1 0 4 1 0 0 0 0/0 17:10 1:47 0:23
Fabian Zetterlund 0 0 0 0 0 1 0 0 0 0 0/0 9:31 0:00 0:00
Ian Cole 0 0 0 2 0 1 1 3 0 0 0/0 21:22 0:00 2:24
Jamie Oleksiak 0 0 0 -1 0 1 1 1 0 0 0/0 15:54 0:00 0:38
Jason Robertson 0 0 0 -1 0 1 0 2 0 0 0/0 17:10 1:47 0:00
John Carlson 0 0 0 2 0 0 0 4 0 1 0/0 24:02 1:56 2:24
Lars Eller 0 0 0 0 2 0 1 0 0 0 1/3 11:40 0:00 0:56
Marcus Johansson 1 0 1 1 0 2 0 0 1 0 0/0 13:06 0:00 0:46
Nick Foligno 0 1 1 1 0 0 1 0 0 0 7/12 16:00 1:56 1:54
Nick Jensen 0 0 0 -1 0 1 1 2 0 0 0/0 14:59 0:00 0:00
Nico Hischier 0 2 2 -1 0 3 2 0 0 0 13/23 19:23 2:13 2:01
Nikita Zadorov 0 0 0 -2 2 0 3 1 1 2 0/0 17:52 0:00 0:56
Owen Tippett 0 1 1 1 0 5 0 0 2 0 0/1 13:28 2:04 0:00
Stefan Noesen 0 0 0 0 0 2 1 0 0 0 0/0 10:41 0:00 0:00
Tom Wilson 1 0 1 0 0 6 0 0 1 0 0/2 18:20 2:13 1:41
Tomas Hertl 0 0 0 -2 0 1 0 0 1 0 12/20 17:29 1:47 0:15
Tyler Myers 0 0 0 -2 0 1 2 1 1 1 0/0 20:59 2:04 1:34
3 Stars
1 - Aleksander Barkov (VAN)
2 - Clayton Keller (VAN)
3 - Mikko Rantanen (VAN)
Power Play
Vancouver Canucks - 0 on 2 Attempt(s) - 0.00%
Washington Capitals - 0 on 3 Attempt(s) - 0.00%
Penalty Kill
Vancouver Canucks - 3 on 3 Attempt(s) - 100.00%
- Score 0 goal in Penalty Kill
Washington Capitals - 2 on 2 Attempt(s) - 100.00%
- Score 0 goal in Penalty Kill
Team Stat
Vancouver Canucks - Hits : 28 - Faceoff Wins : 28 - Blocked Shots : 14 - Penalty Minutes : 6
Washington Capitals - Hits : 15 - Faceoff Wins : 33 - Blocked Shots : 14 - Penalty Minutes : 4
Official
Referees : Chris Lee and Francis Charron
Linesman : David Brisebois and Bevan Mills
Game Notes
Noah Hanifin has scored in a empty net!
Finance
Level 1 -- Attendance: 5578 (92.97%) -- Ticket Income $529,910
Level 2 -- Attendance: 4767 (95.34%) -- Ticket Income $247,884
Level 3 -- Attendance: 2346 (78.20%) -- Ticket Income $82,110
Level 4 -- Attendance: 4346 (86.92%) -- Ticket Income $95,612
Luxury Box -- Attendance: 942 (94.20%) -- Ticket Income $178,980
Game was played at the Verizon Center.
Total Attendance: 17979 (89.90%)
Total Ticket Income: $1,134,496
Other Income: $397,074
Total Income: $1,531,570
Vancouver Canucks
5 vs 5 Forward
Center Left Wing Right Wing Time % Phy DF OF
1 Aleksander Barkov Clayton Keller Mikko Rantanen 37 1 1 3
2 Sean Couturier Connor Zary Artturi Lehkonen 28 1 2 2
3 Casey Mittelstadt Ty Dellandrea Bobby McMann 21 1 2 2
4 Anton Lundell Jesperi Kotkaniemi Brett Leason 14 1 3 1
5 vs 5 Defense
Defense Defense Time % Phy DF OF
1 Noah Hanifin Miro Heiskanen 30 1 2 2
2 Ryan McDonagh Joel Hanley 30 1 2 2
3 Jake Bean Emil Martinsen Lilleberg 25 1 2 2
4 Noah Hanifin Miro Heiskanen 15 1 2 2
PowerPlay Forward
Center Left Wing Right Wing Time % Phy DF OF
1 Aleksander Barkov Clayton Keller Mikko Rantanen 50 0 1 4
2 Casey Mittelstadt Connor Zary Artturi Lehkonen 50 0 1 4
PowerPlay Defense
Defense Defense Time % Phy DF OF
1 Noah Hanifin Miro Heiskanen 50 0 1 4
2 Ryan McDonagh Joel Hanley 50 0 1 4
Penalty Kill 4 Players Forward
Center Wing Time % Phy DF OF
1 Anton Lundell Brett Leason 50 1 2 2
2 Aleksander Barkov Artturi Lehkonen 50 1 2 2
Penalty Kill 4 Players Defense
Defense Defense Time % Phy DF OF
1 Ryan McDonagh Joel Hanley 50 1 2 2
2 Noah Hanifin Miro Heiskanen 50 1 2 2
Penalty Kill - 3 Players Forward
Forward Time % Phy DF OF
1 Anton Lundell 50 1 2 2
2 Brett Leason 50 1 2 2
Penalty Kill - 3 Players Defense
Defense Defense Time % Phy DF OF
1 Ryan McDonagh Joel Hanley 50 1 2 2
2 Noah Hanifin Miro Heiskanen 50 1 2 2
4 vs 4 Forward
Center Wing Time % Phy DF OF
1 Clayton Keller Mikko Rantanen 50 1 2 2
2 Aleksander Barkov Artturi Lehkonen 50 1 2 2
4 vs 4 Defense
Defense Defense Time % Phy DF OF
1 Noah Hanifin Miro Heiskanen 50 1 2 2
2 Ryan McDonagh Joel Hanley 50 1 2 2
Last Minutes Offensive
Center Left Wing Right Wing Defense Defense
Aleksander Barkov Clayton Keller Mikko Rantanen Noah Hanifin Miro Heiskanen
Last Minutes Defensive
Center Left Wing Right Wing Defense Defense
Anton Lundell Artturi Lehkonen Brett Leason Ryan McDonagh Joel Hanley
Goaltenders
Starting : Justus Annunen
Backup : Cam Talbot
Extra Forwards
Normal : Mikko Rantanen, Artturi Lehkonen, Clayton Keller - PP : Mikko Rantanen, Clayton Keller - PK : Anton Lundell
Extra Defensemen
Normal : Miro Heiskanen, Noah Hanifin, Ryan McDonagh - PP : Miro Heiskanen - PK : Ryan McDonagh, Joel Hanley
Penalty Shots
Aleksander Barkov, Anton Lundell, Artturi Lehkonen, Jesperi Kotkaniemi, Noah Hanifin
Scratches
Matias Maccelli (Healthy), Jacob Bernard-Docker (Healthy), Eemil Viro (Healthy), Jacob Bryson (Healthy)
Washington Capitals
5 vs 5 Forward
Center Left Wing Right Wing Time % Phy DF OF
1 Nico Hischier Alex Ovechkin Tom Wilson 33 1 0 4
2 Tomas Hertl Drake Batherson Jason Robertson 31 1 1 3
3 Nick Foligno Owen Tippett Marcus Johansson 25 1 0 4
4 Lars Eller Fabian Zetterlund Stefan Noesen 11 1 1 3
5 vs 5 Defense
Defense Defense Time % Phy DF OF
1 John Carlson Ian Cole 38 0 2 3
2 Nikita Zadorov Tyler Myers 35 0 2 3
3 Jamie Oleksiak Nick Jensen 27 0 3 2
4 Jamie Oleksiak Nick Jensen 0 1 2 2
PowerPlay Forward
Center Left Wing Right Wing Time % Phy DF OF
1 Nico Hischier Alex Ovechkin Tom Wilson 50 0 1 4
2 Tomas Hertl Drake Batherson Jason Robertson 50 0 1 4
PowerPlay Defense
Defense Defense Time % Phy DF OF
1 John Carlson Nick Foligno 50 0 2 3
2 Tyler Myers Owen Tippett 50 0 2 3
Penalty Kill 4 Players Forward
Center Wing Time % Phy DF OF
1 Nico Hischier Tom Wilson 50 0 3 2
2 Lars Eller Nick Foligno 50 0 3 2
Penalty Kill 4 Players Defense
Defense Defense Time % Phy DF OF
1 John Carlson Ian Cole 50 0 4 1
2 Nikita Zadorov Tyler Myers 50 0 4 1
Penalty Kill - 3 Players Forward
Forward Time % Phy DF OF
1 Nick Foligno 50 0 5 0
2 Lars Eller 50 0 5 0
Penalty Kill - 3 Players Defense
Defense Defense Time % Phy DF OF
1 John Carlson Ian Cole 50 2 3 0
2 Nikita Zadorov Tyler Myers 50 3 2 0
4 vs 4 Forward
Center Wing Time % Phy DF OF
1 Nico Hischier Owen Tippett 50 0 1 4
2 Tomas Hertl Jason Robertson 50 0 1 4
4 vs 4 Defense
Defense Defense Time % Phy DF OF
1 John Carlson Ian Cole 50 0 2 3
2 Nikita Zadorov Tyler Myers 50 0 2 3
Last Minutes Offensive
Center Left Wing Right Wing Defense Defense
Nico Hischier Tomas Hertl Alex Ovechkin John Carlson Jason Robertson
Last Minutes Defensive
Center Left Wing Right Wing Defense Defense
Nico Hischier Nick Foligno Tom Wilson Nikita Zadorov Jamie Oleksiak
Goaltenders
Starting : Jake Oettinger
Backup : Casey DeSmith
Extra Forwards
Normal : Lars Eller, Stefan Noesen, Marcus Johansson - PP : Lars Eller, Stefan Noesen - PK : Nico Hischier
Extra Defensemen
Normal : Jamie Oleksiak, Nick Jensen, Tyler Myers - PP : Ian Cole - PK : Jamie Oleksiak, Nick Jensen
Penalty Shots
Jason Robertson, Lars Eller, Owen Tippett, Alex Ovechkin, Drake Batherson
Scratches
Sean Kuraly (Healthy), James van Riemsdyk (Healthy), Calvin Pickard (Healthy)
% Time on Ice - Vancouver Canucks
Lines # - Real PCT - Wanted PCT - Time Play
Normal Forward
1 - 33% - 37% - 17:14
2 - 27% - 28% - 14:08
3 - 22% - 21% - 11:28
4 - 17% - 14% - 8:43
Normal Defense
1 - 29% - 30% - 15:07
2 - 32% - 30% - 16:21
3 - 27% - 25% - 14:08
4 - 12% - 15% - 5:57
PP Forward
1 - 50% - 50% - 1:58
2 - 50% - 50% - 2:00
PP Defense
1 - 47% - 50% - 1:53
2 - 53% - 50% - 2:05
PK Forward
1 - 35% - 50% - 1:23
2 - 65% - 50% - 2:37
PK Defense
1 - 49% - 50% - 1:58
2 - 51% - 50% - 2:02
PK3 Forward
1 - 0% - 50%
2 - 0% - 50%
PK3 Defense
1 - 0% - 50%
2 - 0% - 50%
44 Forward
1 - 0% - 50%
2 - 0% - 50%
44 Defense
1 - 0% - 50%
2 - 0% - 50%
Last Minute Offensive - 0:00
Last Minute Defensive - 0:29
Total
Forward - 60:00
Defense - 60:00
|
% Time on Ice - Washington Capitals
Lines # - Real PCT - Wanted PCT - Time Play
Normal Forward
1 - 28% - 33% - 14:26
2 - 32% - 31% - 16:33
3 - 21% - 25% - 11:00
4 - 18% - 11% - 9:31
Normal Defense
1 - 37% - 38% - 19:10
2 - 34% - 35% - 17:21
3 - 27% - 27% - 14:00
4 - 2% - 0% - 0:59
PP Forward
1 - 55% - 50% - 2:13
2 - 45% - 50% - 1:47
PP Defense
1 - 48% - 50% - 1:56
2 - 52% - 50% - 2:04
PK Forward
1 - 42% - 50% - 1:41
2 - 58% - 50% - 2:17
PK Defense
1 - 61% - 50% - 2:24
2 - 39% - 50% - 1:34
PK3 Forward
1 - 0% - 50%
2 - 0% - 50%
PK3 Defense
1 - 0% - 50%
2 - 0% - 50%
44 Forward
1 - 0% - 50%
2 - 0% - 50%
44 Defense
1 - 0% - 50%
2 - 0% - 50%
Last Minute Offensive - 0:32
Last Minute Defensive - 0:00
Total
Forward - 60:00
Defense - 60:00
|
Play-by-Play
1st period
0:01 of 1st period - Nico Hischier wins face-off versus Aleksander Barkov in neutral zone.
0:06 of 1st period - Slapshot by Tom Wilson.
0:06 of 1st period - Shot Misses the Net.
0:08 of 1st period - Snap shot by Nico Hischier.
0:08 of 1st period - Shot Misses the Net.
0:12 of 1st period - Wrist shot by Alex Ovechkin.
0:12 of 1st period - Shot Misses the Net.
0:14 of 1st period - Slapshot by John Carlson.
0:14 of 1st period - Shot Misses the Net.
0:16 of 1st period - Slapshot by Ian Cole.
0:16 of 1st period - Shot Misses the Net.
0:53 of 1st period - Wrist shot by Casey Mittelstadt.
0:53 of 1st period - Shot Misses the Net.
1:33 of 1st period - Nick Jensen is hit by Mikko Rantanen and loses puck.
2:17 of 1st period - Off-side.
2:18 of 1st period - Casey Mittelstadt wins face-off versus Owen Tippett in neutral zone.
2:31 of 1st period - Snap shot by Bobby McMann.
2:31 of 1st period - Stopped by Jake Oettinger with a rebound.
2:33 of 1st period - Wrist shot by Casey Mittelstadt.
2:33 of 1st period - Stopped by Jake Oettinger without a rebound.
2:34 of 1st period - Aleksander Barkov wins face-off versus Nico Hischier in Washington Capitals zone.
2:41 of 1st period - Wrist shot by Mikko Rantanen.
2:41 of 1st period - Stopped by Jake Oettinger with a rebound.
2:43 of 1st period - Slapshot by Emil Martinsen Lilleberg.
2:43 of 1st period - Deflect By Clayton Keller.
2:43 of 1st period - Shot Misses the Net.
2:43 of 1st period - Puck is out of play.
2:44 of 1st period - Mikko Rantanen wins face-off versus Tom Wilson in Washington Capitals zone.
2:45 of 1st period - Snap shot by Aleksander Barkov.
2:45 of 1st period - Shot Misses the Net.
2:47 of 1st period - Snap shot by Mikko Rantanen.
2:47 of 1st period - Stopped by Jake Oettinger with a rebound.
2:49 of 1st period - Slapshot by Emil Martinsen Lilleberg.
2:49 of 1st period - Shot Misses the Net.
2:51 of 1st period - Snap shot by Aleksander Barkov.
2:51 of 1st period - Shot Blocked by Ian Cole.
2:53 of 1st period - Slapshot by Emil Martinsen Lilleberg.
2:53 of 1st period - Shot Misses the Net.
2:57 of 1st period - Wrist shot by Clayton Keller.
2:57 of 1st period - Shot Blocked by John Carlson.
3:03 of 1st period - Snap shot by Clayton Keller.
3:03 of 1st period - Stopped by Jake Oettinger without a rebound.
3:04 of 1st period - Tomas Hertl wins face-off versus Sean Couturier in Washington Capitals zone.
3:19 of 1st period - Snap shot by Drake Batherson.
3:19 of 1st period - Shot Blocked by Joel Hanley.
3:21 of 1st period - Slapshot by Tyler Myers.
3:21 of 1st period - Shot Blocked by Connor Zary.
4:03 of 1st period - Snap shot by Mikko Rantanen.
4:03 of 1st period - Shot Blocked by Nick Jensen.
4:13 of 1st period - Wrist shot by Casey Mittelstadt.
4:13 of 1st period - Shot Blocked by Jamie Oleksiak.
4:37 of 1st period - Snap shot by Jason Robertson.
4:37 of 1st period - Shot Blocked by Sean Couturier.
4:39 of 1st period - Slapshot by Jamie Oleksiak.
4:39 of 1st period - Shot Misses the Net.
4:45 of 1st period - Snap shot by Tomas Hertl.
4:45 of 1st period - Deflect By Jason Robertson.
4:45 of 1st period - Shot Misses the Net.
4:45 of 1st period - Puck is out of play.
4:46 of 1st period - Nico Hischier wins face-off versus Aleksander Barkov in Vancouver Canucks zone.
4:49 of 1st period - Backhand shot by Alex Ovechkin.
4:49 of 1st period - Goal by Alex Ovechkin - Vancouver Canucks : 0 - Washington Capitals : 1.
4:50 of 1st period - Nico Hischier wins face-off versus Aleksander Barkov in neutral zone.
5:30 of 1st period - Snap shot by Artturi Lehkonen.
5:30 of 1st period - Stopped by Jake Oettinger without a rebound.
5:31 of 1st period - Lars Eller wins face-off versus Bobby McMann in Washington Capitals zone.
6:41 of 1st period - Wrist shot by Tom Wilson.
6:41 of 1st period - Stopped by Justus Annunen with a rebound.
6:49 of 1st period - Wrist shot by Artturi Lehkonen.
6:49 of 1st period - Stopped by Jake Oettinger with a rebound.
7:13 of 1st period - Wrist shot by Drake Batherson.
7:13 of 1st period - Stopped by Justus Annunen with a rebound.
7:15 of 1st period - Slapshot by Nikita Zadorov.
7:15 of 1st period - Shot Misses the Net.
7:17 of 1st period - Slapshot by Nikita Zadorov.
7:17 of 1st period - Deflect By Jason Robertson.
7:17 of 1st period - Shot Misses the Net.
7:17 of 1st period - Puck is out of play.
7:18 of 1st period - Nick Foligno wins face-off versus Aleksander Barkov in Vancouver Canucks zone.
7:44 of 1st period - John Carlson is hit by Anton Lundell and loses puck.
8:03 of 1st period - Snap shot by Owen Tippett.
8:03 of 1st period - Shot Blocked by Noah Hanifin.
8:05 of 1st period - Slapshot by John Carlson.
8:05 of 1st period - Shot Blocked by Noah Hanifin.
8:07 of 1st period - Snap shot by Ian Cole.
8:07 of 1st period - Deflect By Owen Tippett.
8:07 of 1st period - Shot Misses the Net.
8:07 of 1st period - Puck is out of play.
8:08 of 1st period - Sean Couturier wins face-off versus Nico Hischier in Vancouver Canucks zone.
8:08 of 1st period - Sean Couturier is hit by Jamie Oleksiak.
8:18 of 1st period - Wrist shot by Alex Ovechkin.
8:18 of 1st period - Shot Misses the Net.
8:20 of 1st period - Slapshot by Nick Jensen.
8:20 of 1st period - Stopped by Justus Annunen with a rebound.
8:22 of 1st period - Wrist shot by Tom Wilson.
8:22 of 1st period - Deflect By Nico Hischier.
8:22 of 1st period - Stopped by Justus Annunen with a rebound.
8:34 of 1st period - Ryan McDonagh is hit by Stefan Noesen and loses puck.
9:03 of 1st period - Snap shot by Tomas Hertl.
9:03 of 1st period - Shot Misses the Net.
9:05 of 1st period - Wrist shot by Jason Robertson.
9:05 of 1st period - Shot Misses the Net.
9:07 of 1st period - Snap shot by Tyler Myers.
9:07 of 1st period - Deflect By Ryan McDonagh.
9:07 of 1st period - Stopped by Justus Annunen with a rebound.
9:19 of 1st period - Slapshot by Clayton Keller.
9:19 of 1st period - Stopped by Jake Oettinger with a rebound.
9:51 of 1st period - Snap shot by Stefan Noesen.
9:51 of 1st period - Shot Misses the Net.
10:07 of 1st period - Snap shot by Anton Lundell.
10:07 of 1st period - Stopped by Jake Oettinger without a rebound.
10:08 of 1st period - Tomas Hertl wins face-off versus Anton Lundell in Washington Capitals zone.
10:08 of 1st period - Tomas Hertl is hit by Jake Bean.
10:35 of 1st period - Ian Cole is hit by Aleksander Barkov and loses puck.
10:48 of 1st period - Snap shot by Clayton Keller.
10:48 of 1st period - Shot Blocked by John Carlson.
12:09 of 1st period - Snap shot by Mikko Rantanen.
12:09 of 1st period - Deflect By Clayton Keller.
12:09 of 1st period - Goal by Clayton Keller - Vancouver Canucks : 1 - Washington Capitals : 1.
12:10 of 1st period - Nico Hischier wins face-off versus Aleksander Barkov in neutral zone.
12:19 of 1st period - Snap shot by Nico Hischier.
12:19 of 1st period - Stopped by Justus Annunen with a rebound.
12:22 of 1st period - Icing by Jake Bean.
12:23 of 1st period - Tomas Hertl wins face-off versus Aleksander Barkov in Vancouver Canucks zone.
12:52 of 1st period - Slapshot by Bobby McMann.
12:52 of 1st period - Shot Blocked by Ian Cole.
12:54 of 1st period - Slapshot by Jake Bean.
12:54 of 1st period - Stopped by Jake Oettinger with a rebound.
13:00 of 1st period - Wrist shot by Ty Dellandrea.
13:00 of 1st period - Stopped by Jake Oettinger with a rebound.
13:02 of 1st period - Slapshot by Jake Bean.
13:02 of 1st period - Deflect By Bobby McMann.
13:02 of 1st period - Shot Misses the Net.
13:02 of 1st period - Puck is out of play.
13:03 of 1st period - Tomas Hertl wins face-off versus Connor Zary in Washington Capitals zone.
13:18 of 1st period - Wrist shot by Drake Batherson.
13:18 of 1st period - Stopped by Justus Annunen with a rebound.
13:30 of 1st period - Jamie Oleksiak is hit by Noah Hanifin and loses puck.
13:37 of 1st period - Slapshot by Mikko Rantanen.
13:37 of 1st period - Stopped by Jake Oettinger with a rebound.
13:39 of 1st period - Wrist shot by Mikko Rantanen.
13:39 of 1st period - Shot Misses the Net.
13:41 of 1st period - Snap shot by Aleksander Barkov.
13:41 of 1st period - Deflect By Nico Hischier.
13:41 of 1st period - Goal by Aleksander Barkov - Vancouver Canucks : 2 - Washington Capitals : 1.
13:42 of 1st period - Aleksander Barkov wins face-off versus Nick Foligno in neutral zone.
15:21 of 1st period - Wrist shot by Aleksander Barkov.
15:21 of 1st period - Shot Misses the Net.
16:13 of 1st period - Snap shot by Aleksander Barkov.
16:13 of 1st period - Stopped by Jake Oettinger with a rebound.
16:15 of 1st period - Snap shot by Aleksander Barkov.
16:15 of 1st period - Shot Misses the Net.
16:17 of 1st period - Slapshot by Miro Heiskanen.
16:17 of 1st period - Shot Blocked by Ian Cole.
16:35 of 1st period - Wrist shot by Sean Couturier.
16:35 of 1st period - Stopped by Jake Oettinger with a rebound.
16:53 of 1st period - Tyler Myers is hit by Anton Lundell and loses puck.
17:42 of 1st period - Nick Jensen is hit by Aleksander Barkov and loses puck.
17:51 of 1st period - Fabian Zetterlund is hit by Mikko Rantanen.
18:11 of 1st period - Wrist shot by Stefan Noesen.
18:11 of 1st period - Shot Misses the Net.
18:17 of 1st period - Wrist shot by Stefan Noesen.
18:17 of 1st period - Stopped by Justus Annunen without a rebound.
18:18 of 1st period - Nico Hischier wins face-off versus Sean Couturier in Vancouver Canucks zone.
18:26 of 1st period - Off-side.
18:27 of 1st period - Nico Hischier wins face-off versus Sean Couturier in neutral zone.
18:56 of 1st period - Wrist shot by Alex Ovechkin.
18:56 of 1st period - Stopped by Justus Annunen with a rebound.
18:59 of 1st period - Icing by Ryan McDonagh.
19:00 of 1st period - Sean Couturier wins face-off versus Tomas Hertl in Vancouver Canucks zone.
19:00 of 1st period - Sean Couturier is hit by Nikita Zadorov.
19:06 of 1st period - Snap shot by Sean Couturier.
19:06 of 1st period - Shot Misses the Net.
19:08 of 1st period - Snap shot by Sean Couturier.
19:08 of 1st period - Stopped by Jake Oettinger with a rebound.
19:10 of 1st period - Slapshot by Artturi Lehkonen.
19:10 of 1st period - Stopped by Jake Oettinger with a rebound.
19:12 of 1st period - Wrist shot by Ryan McDonagh.
19:12 of 1st period - Shot Blocked by Tyler Myers.
19:17 of 1st period - Minor Penalty to Nikita Zadorov for Slashing.
19:18 of 1st period - Aleksander Barkov wins face-off versus Nico Hischier in Washington Capitals zone.
19:18 of 1st period - Wrist shot by Mikko Rantanen.
19:18 of 1st period - Stopped by Jake Oettinger without a rebound.
19:19 of 1st period - Aleksander Barkov wins face-off versus Nico Hischier in Washington Capitals zone.
19:24 of 1st period - Slapshot by Clayton Keller.
19:24 of 1st period - Shot Misses the Net.
19:54 of 1st period - Nick Foligno is hit by Miro Heiskanen and loses puck.
Goals for this period are 2 for Vancouver Canucks vs 1 for Washington Capitals.
Shots for this period are 19 for Vancouver Canucks vs 10 for Washington Capitals.
2nd period
0:01 of 2nd period - Casey Mittelstadt wins face-off versus Lars Eller in neutral zone.
0:08 of 2nd period - Backhand shot by Artturi Lehkonen.
0:08 of 2nd period - Shot Misses the Net.
1:17 of 2nd period - Penalty to Nikita Zadorov is over, Nikita Zadorov is back on ice.
1:21 of 2nd period - Slapshot by Tom Wilson.
1:21 of 2nd period - Shot Blocked by Miro Heiskanen.
1:33 of 2nd period - Snap shot by Nico Hischier.
1:33 of 2nd period - Deflect By Tom Wilson.
1:33 of 2nd period - Shot Blocked by Miro Heiskanen.
1:33 of 2nd period - Puck is out of play.
1:34 of 2nd period - Anton Lundell wins face-off versus Tomas Hertl in Vancouver Canucks zone.
1:39 of 2nd period - Wrist shot by Anton Lundell.
1:39 of 2nd period - Deflect By Jesperi Kotkaniemi.
1:39 of 2nd period - Stopped by Jake Oettinger without a rebound.
1:40 of 2nd period - Tomas Hertl wins face-off versus Anton Lundell in Washington Capitals zone.
1:51 of 2nd period - Snap shot by Jason Robertson.
1:51 of 2nd period - Shot Misses the Net.
1:53 of 2nd period - Wrist shot by Tomas Hertl.
1:53 of 2nd period - Shot Blocked by Emil Martinsen Lilleberg.
1:55 of 2nd period - Slapshot by Ian Cole.
1:55 of 2nd period - Stopped by Justus Annunen with a rebound.
1:57 of 2nd period - Wrist shot by Tomas Hertl.
1:57 of 2nd period - Stopped by Justus Annunen without a rebound.
1:58 of 2nd period - Nick Foligno wins face-off versus Aleksander Barkov in Vancouver Canucks zone.
1:59 of 2nd period - Slapshot by Owen Tippett.
1:59 of 2nd period - Stopped by Justus Annunen without a rebound.
2:00 of 2nd period - Aleksander Barkov wins face-off versus Nick Foligno in Vancouver Canucks zone.
3:35 of 2nd period - Wrist shot by Stefan Noesen.
3:35 of 2nd period - Shot Blocked by Aleksander Barkov.
4:01 of 2nd period - Snap shot by Sean Couturier.
4:01 of 2nd period - Stopped by Jake Oettinger with a rebound.
4:24 of 2nd period - Jason Robertson is hit by Noah Hanifin and loses puck.
5:47 of 2nd period - Drake Batherson is hit by Emil Martinsen Lilleberg and loses puck.
6:08 of 2nd period - Brett Leason is hit by Lars Eller.
6:12 of 2nd period - Anton Lundell is hit by Tyler Myers and loses puck.
6:19 of 2nd period - Tyler Myers is hit by Anton Lundell and loses puck.
6:40 of 2nd period - Wrist shot by Bobby McMann.
6:40 of 2nd period - Shot Misses the Net.
6:50 of 2nd period - Nikita Zadorov is hit by Sean Couturier and loses puck.
6:55 of 2nd period - Slapshot by Sean Couturier.
6:55 of 2nd period - Stopped by Jake Oettinger without a rebound.
6:56 of 2nd period - Aleksander Barkov wins face-off versus Tomas Hertl in Washington Capitals zone.
7:23 of 2nd period - Joel Hanley is hit by Nico Hischier and loses puck.
7:47 of 2nd period - Snap shot by Sean Couturier.
7:47 of 2nd period - Shot Misses the Net.
7:49 of 2nd period - Slapshot by Emil Martinsen Lilleberg.
7:49 of 2nd period - Deflect By Connor Zary.
7:49 of 2nd period - Shot Misses the Net.
7:49 of 2nd period - Puck is out of play.
7:50 of 2nd period - Nick Foligno wins face-off versus Aleksander Barkov in Washington Capitals zone.
8:10 of 2nd period - Icing by Mikko Rantanen.
8:11 of 2nd period - Aleksander Barkov wins face-off versus Tomas Hertl in Vancouver Canucks zone.
8:24 of 2nd period - Wrist shot by Clayton Keller.
8:24 of 2nd period - Shot Blocked by Jason Robertson.
8:54 of 2nd period - Wrist shot by Clayton Keller.
8:54 of 2nd period - Shot Misses the Net.
8:56 of 2nd period - Wrist shot by Aleksander Barkov.
8:56 of 2nd period - Stopped by Jake Oettinger without a rebound.
8:57 of 2nd period - Nico Hischier wins face-off versus Sean Couturier in Washington Capitals zone.
10:07 of 2nd period - Slapshot by Stefan Noesen.
10:07 of 2nd period - Shot Misses the Net.
10:46 of 2nd period - Ryan McDonagh is hit by Nikita Zadorov.
11:38 of 2nd period - Snap shot by Sean Couturier.
11:38 of 2nd period - Stopped by Jake Oettinger without a rebound.
11:39 of 2nd period - Nico Hischier wins face-off versus Aleksander Barkov in Washington Capitals zone.
11:44 of 2nd period - Miro Heiskanen is hit by Alex Ovechkin.
13:05 of 2nd period - Noah Hanifin is hit by Ian Cole and loses puck.
13:48 of 2nd period - Snap shot by Owen Tippett.
13:48 of 2nd period - Shot Misses the Net.
14:00 of 2nd period - Jamie Oleksiak is hit by Anton Lundell and loses puck.
14:23 of 2nd period - Snap shot by Fabian Zetterlund.
14:23 of 2nd period - Stopped by Justus Annunen without a rebound.
14:24 of 2nd period - Casey Mittelstadt wins face-off versus Lars Eller in Vancouver Canucks zone.
14:35 of 2nd period - Wrist shot by Stefan Noesen.
14:35 of 2nd period - Stopped by Justus Annunen without a rebound.
14:36 of 2nd period - Aleksander Barkov wins face-off versus Nico Hischier in Vancouver Canucks zone.
14:36 of 2nd period - Aleksander Barkov is hit by Nico Hischier.
14:52 of 2nd period - Snap shot by Tom Wilson.
14:52 of 2nd period - Stopped by Justus Annunen without a rebound.
14:53 of 2nd period - Sean Couturier wins face-off versus Nick Foligno in Vancouver Canucks zone.
15:06 of 2nd period - Connor Zary is hit by Nikita Zadorov.
16:02 of 2nd period - Ian Cole is hit by Jesperi Kotkaniemi and loses puck.
16:11 of 2nd period - Snap shot by Anton Lundell.
16:11 of 2nd period - Shot Misses the Net.
16:13 of 2nd period - Slapshot by Jake Bean.
16:13 of 2nd period - Shot Misses the Net.
16:45 of 2nd period - Nikita Zadorov is hit by Noah Hanifin and loses puck.
17:20 of 2nd period - Snap shot by Alex Ovechkin.
17:20 of 2nd period - Stopped by Justus Annunen without a rebound.
17:21 of 2nd period - Sean Couturier wins face-off versus Tomas Hertl in Vancouver Canucks zone.
17:21 of 2nd period - Sean Couturier is hit by Drake Batherson.
17:47 of 2nd period - Nick Jensen is hit by Emil Martinsen Lilleberg and loses puck.
17:54 of 2nd period - Snap shot by Bobby McMann.
17:54 of 2nd period - Shot Misses the Net.
17:56 of 2nd period - Slapshot by Jake Bean.
17:56 of 2nd period - Deflect By Bobby McMann.
17:56 of 2nd period - Shot Misses the Net.
17:56 of 2nd period - Puck is out of play.
17:57 of 2nd period - Aleksander Barkov wins face-off versus Nico Hischier in Washington Capitals zone.
18:02 of 2nd period - Wrist shot by Mikko Rantanen.
18:02 of 2nd period - Deflect By John Carlson.
18:02 of 2nd period - Shot Misses the Net.
18:02 of 2nd period - Puck is out of play.
18:03 of 2nd period - Aleksander Barkov wins face-off versus Nico Hischier in Washington Capitals zone.
18:08 of 2nd period - Snap shot by Mikko Rantanen.
18:08 of 2nd period - Shot Misses the Net.
18:52 of 2nd period - Wrist shot by Bobby McMann.
18:52 of 2nd period - Shot Misses the Net.
18:54 of 2nd period - Slapshot by Miro Heiskanen.
18:54 of 2nd period - Shot Blocked by Nikita Zadorov.
18:56 of 2nd period - Slapshot by Noah Hanifin.
18:56 of 2nd period - Stopped by Jake Oettinger without a rebound.
18:57 of 2nd period - Aleksander Barkov wins face-off versus Nico Hischier in Washington Capitals zone.
19:24 of 2nd period - Ryan McDonagh is hit by Tyler Myers and loses puck.
19:33 of 2nd period - Slapshot by Sean Couturier.
19:33 of 2nd period - Stopped by Jake Oettinger without a rebound.
19:34 of 2nd period - Aleksander Barkov wins face-off versus Nick Foligno in Washington Capitals zone.
19:49 of 2nd period - Snap shot by Aleksander Barkov.
19:49 of 2nd period - Stopped by Jake Oettinger with a rebound.
19:51 of 2nd period - Snap shot by Aleksander Barkov.
19:51 of 2nd period - Shot Blocked by John Carlson.
Goals for this period are 0 for Vancouver Canucks vs 0 for Washington Capitals.
Shots for this period are 8 for Vancouver Canucks vs 7 for Washington Capitals.
3rd period
0:01 of 3rd period - Aleksander Barkov wins face-off versus Tomas Hertl in neutral zone.
0:55 of 3rd period - Snap shot by Ty Dellandrea.
0:55 of 3rd period - Stopped by Jake Oettinger without a rebound.
0:56 of 3rd period - Nick Foligno wins face-off versus Aleksander Barkov in Washington Capitals zone.
1:01 of 3rd period - Slapshot by John Carlson.
1:01 of 3rd period - Shot Blocked by Ryan McDonagh.
1:11 of 3rd period - Snap shot by Owen Tippett.
1:11 of 3rd period - Deflect By Nick Foligno.
1:11 of 3rd period - Shot Misses the Net.
1:11 of 3rd period - Puck is out of play.
1:12 of 3rd period - Tomas Hertl wins face-off versus Casey Mittelstadt in Vancouver Canucks zone.
1:37 of 3rd period - Noah Hanifin is hit by Nick Jensen and loses puck.
1:58 of 3rd period - Snap shot by Owen Tippett.
1:58 of 3rd period - Stopped by Justus Annunen with a rebound.
2:06 of 3rd period - Wrist shot by Owen Tippett.
2:06 of 3rd period - Stopped by Justus Annunen with a rebound.
2:08 of 3rd period - Slapshot by Jamie Oleksiak.
2:08 of 3rd period - Stopped by Justus Annunen with a rebound.
2:28 of 3rd period - Snap shot by Brett Leason.
2:28 of 3rd period - Stopped by Jake Oettinger with a rebound.
2:30 of 3rd period - Snap shot by Brett Leason.
2:30 of 3rd period - Stopped by Jake Oettinger without a rebound.
2:31 of 3rd period - Tomas Hertl wins face-off versus Aleksander Barkov in Washington Capitals zone.
2:37 of 3rd period - Off-side.
2:38 of 3rd period - Tomas Hertl wins face-off versus Aleksander Barkov in neutral zone.
3:23 of 3rd period - Snap shot by Aleksander Barkov.
3:23 of 3rd period - Goal by Aleksander Barkov - Vancouver Canucks : 3 - Washington Capitals : 1.
3:24 of 3rd period - Nico Hischier wins face-off versus Casey Mittelstadt in neutral zone.
3:29 of 3rd period - Wrist shot by Tom Wilson.
3:29 of 3rd period - Goal by Tom Wilson - Vancouver Canucks : 3 - Washington Capitals : 2.
3:30 of 3rd period - Mikko Rantanen wins face-off versus Tom Wilson in neutral zone.
3:59 of 3rd period - Wrist shot by Owen Tippett.
3:59 of 3rd period - Stopped by Justus Annunen with a rebound.
4:15 of 3rd period - Minor Penalty to Artturi Lehkonen for Boarding.
4:16 of 3rd period - Anton Lundell wins face-off versus Nico Hischier in Vancouver Canucks zone.
4:22 of 3rd period - Icing by Alex Ovechkin.
4:23 of 3rd period - Aleksander Barkov wins face-off versus Nico Hischier in Washington Capitals zone.
4:48 of 3rd period - Slapshot by Nico Hischier.
4:48 of 3rd period - Shot Misses the Net.
4:50 of 3rd period - Slapshot by Owen Tippett.
4:50 of 3rd period - Deflect By Alex Ovechkin.
4:50 of 3rd period - Shot Blocked by Joel Hanley.
4:50 of 3rd period - Puck is out of play.
4:51 of 3rd period - Tomas Hertl wins face-off versus Anton Lundell in Vancouver Canucks zone.
4:54 of 3rd period - Snap shot by Jason Robertson.
4:54 of 3rd period - Shot Blocked by Noah Hanifin.
4:56 of 3rd period - Slapshot by Drake Batherson.
4:56 of 3rd period - Stopped by Justus Annunen without a rebound.
4:57 of 3rd period - Anton Lundell wins face-off versus Tomas Hertl in Vancouver Canucks zone.
5:06 of 3rd period - Snap shot by Jason Robertson.
5:06 of 3rd period - Shot Misses the Net.
5:34 of 3rd period - Wrist shot by Alex Ovechkin.
5:34 of 3rd period - Shot Misses the Net.
6:15 of 3rd period - Penalty to Artturi Lehkonen is over, Artturi Lehkonen is back on ice.
6:38 of 3rd period - Minor Penalty to Lars Eller for Holding.
6:39 of 3rd period - Nico Hischier wins face-off versus Casey Mittelstadt in Washington Capitals zone.
6:48 of 3rd period - Snap shot by Nick Foligno.
6:48 of 3rd period - Shot Misses the Net.
7:17 of 3rd period - Slapshot by Ryan McDonagh.
7:17 of 3rd period - Shot Blocked by John Carlson.
7:35 of 3rd period - Nikita Zadorov is hit by Aleksander Barkov and loses puck.
8:02 of 3rd period - Nikita Zadorov is hit by Mikko Rantanen and loses puck.
8:29 of 3rd period - Nikita Zadorov is hit by Joel Hanley and loses puck.
8:38 of 3rd period - Penalty to Lars Eller is over, Lars Eller is back on ice.
8:54 of 3rd period - Nikita Zadorov is hit by Brett Leason and loses puck.
9:25 of 3rd period - Snap shot by Tom Wilson.
9:25 of 3rd period - Stopped by Justus Annunen with a rebound.
9:27 of 3rd period - Slapshot by John Carlson.
9:27 of 3rd period - Shot Misses the Net.
9:56 of 3rd period - Stefan Noesen is hit by Miro Heiskanen and loses puck.
10:15 of 3rd period - Backhand shot by Tom Wilson.
10:15 of 3rd period - Stopped by Justus Annunen with a rebound.
10:27 of 3rd period - Slapshot by Anton Lundell.
10:27 of 3rd period - Shot Blocked by Nick Jensen.
10:29 of 3rd period - Slapshot by Jesperi Kotkaniemi.
10:29 of 3rd period - Stopped by Jake Oettinger with a rebound.
11:33 of 3rd period - Wrist shot by Bobby McMann.
11:33 of 3rd period - Shot Blocked by Jason Robertson.
11:35 of 3rd period - Wrist shot by Casey Mittelstadt.
11:35 of 3rd period - Stopped by Jake Oettinger without a rebound.
11:36 of 3rd period - Tomas Hertl wins face-off versus Casey Mittelstadt in Washington Capitals zone.
11:39 of 3rd period - Snap shot by Casey Mittelstadt.
11:39 of 3rd period - Shot Misses the Net.
11:53 of 3rd period - Snap shot by Drake Batherson.
11:53 of 3rd period - Shot Blocked by Noah Hanifin.
12:09 of 3rd period - Wrist shot by Mikko Rantanen.
12:09 of 3rd period - Stopped by Jake Oettinger with a rebound.
12:11 of 3rd period - Snap shot by Clayton Keller.
12:11 of 3rd period - Deflect By Aleksander Barkov.
12:11 of 3rd period - Stopped by Jake Oettinger without a rebound.
12:12 of 3rd period - Nick Foligno wins face-off versus Aleksander Barkov in Washington Capitals zone.
12:12 of 3rd period - Nick Foligno is hit by Joel Hanley.
12:34 of 3rd period - Minor Penalty to Aleksander Barkov for Slashing.
12:35 of 3rd period - Tomas Hertl wins face-off versus Anton Lundell in Vancouver Canucks zone.
12:40 of 3rd period - Wrist shot by Drake Batherson.
12:40 of 3rd period - Stopped by Justus Annunen with a rebound.
13:03 of 3rd period - Icing by Tomas Hertl.
13:04 of 3rd period - Nico Hischier wins face-off versus Casey Mittelstadt in Washington Capitals zone.
13:13 of 3rd period - Snap shot by Tom Wilson.
13:13 of 3rd period - Stopped by Justus Annunen with a rebound.
13:37 of 3rd period - Slapshot by Owen Tippett.
13:37 of 3rd period - Shot Blocked by Ryan McDonagh.
14:10 of 3rd period - Tyler Myers is hit by Miro Heiskanen and loses puck.
14:34 of 3rd period - Penalty to Aleksander Barkov is over, Aleksander Barkov is back on ice.
15:01 of 3rd period - Nick Jensen is hit by Emil Martinsen Lilleberg and loses puck.
15:44 of 3rd period - Nikita Zadorov is hit by Brett Leason and loses puck.
16:25 of 3rd period - Ian Cole is hit by Artturi Lehkonen and loses puck.
17:04 of 3rd period - Tyler Myers is hit by Casey Mittelstadt and loses puck.
18:35 of 3rd period - Snap shot by Aleksander Barkov.
18:35 of 3rd period - Stopped by Jake Oettinger without a rebound.
18:36 of 3rd period - Tomas Hertl wins face-off versus Casey Mittelstadt in Washington Capitals zone.
18:41 of 3rd period - Washington Capitals, Jake Oettinger is pulled from the net.
18:41 of 3rd period - Snap shot by Marcus Johansson.
18:41 of 3rd period - Stopped by Justus Annunen with a rebound.
18:53 of 3rd period - Slapshot by Noah Hanifin.
18:53 of 3rd period - Goal by Noah Hanifin - Vancouver Canucks : 4 - Washington Capitals : 2.
18:53 of 3rd period - Jake Oettinger from Washington Capitals was sent back in the game.
18:54 of 3rd period - Casey Mittelstadt wins face-off versus Nick Foligno in neutral zone.
19:26 of 3rd period - Snap shot by Jason Robertson.
19:26 of 3rd period - Stopped by Justus Annunen without a rebound.
19:27 of 3rd period - Nick Foligno wins face-off versus Sean Couturier in Vancouver Canucks zone.
19:30 of 3rd period - Snap shot by Owen Tippett.
19:30 of 3rd period - Stopped by Justus Annunen without a rebound.
19:31 of 3rd period - Nick Foligno wins face-off versus Connor Zary in Vancouver Canucks zone.
19:34 of 3rd period - Slapshot by Marcus Johansson.
19:34 of 3rd period - Goal by Marcus Johansson - Vancouver Canucks : 4 - Washington Capitals : 3.
19:35 of 3rd period - Nico Hischier wins face-off versus Anton Lundell in neutral zone.
19:38 of 3rd period - Washington Capitals, Jake Oettinger is pulled from the net.
19:42 of 3rd period - Wrist shot by Nico Hischier.
19:42 of 3rd period - Stopped by Justus Annunen without a rebound.
19:43 of 3rd period - Ken Hitchcock call a timeout for Washington Capitals.
19:43 of 3rd period - Nico Hischier wins face-off versus Anton Lundell in Vancouver Canucks zone.
19:57 of 3rd period - Minor Penalty to Anton Lundell for Cross-checking.
19:58 of 3rd period - Casey Mittelstadt wins face-off versus Tomas Hertl in Vancouver Canucks zone.
19:58 of 3rd period - Casey Mittelstadt is hit by Nick Foligno.
Goals for this period are 2 for Vancouver Canucks vs 2 for Washington Capitals.
Shots for this period are 10 for Vancouver Canucks vs 15 for Washington Capitals.
Back to the Top